 Dungeon Crawl Stone Soup version 0.19.0-19-g8c6edcc (webtiles) character file.

515 JeffiDaFish the Shield-Bearer (level 7, -1/45 HPs)
             Began as a Gargoyle Fighter on Nov 12, 2016.
             Was an Initiate of Makhleb.
             Slain by a slave (2 damage)
             ... led by Pikel
             ... on level 4 of the Dungeon.
             The game lasted 00:08:26 (3552 turns).

JeffiDaFish the Shield-Bearer (Gargoyle Fighter)    Turns: 3552, Time: 00:08:28

Health: -1/45      AC: 15    Str: 20 (21) XL:     7   Next: 20%
Magic:  7/7        EV:  8    Int:  6 (9)  God:    Makhleb [......]
Gold:   225        SH:  9    Dex:  7 (9)  Spells: 0 memorised, 6 levels left

rFire  + . .     SeeInvis .     a - +0 flail
rCold  + . .     Gourm    .     b - +0 scale mail
rNeg   + . .     Faith    .     c - +0 shield
rPois  ∞         Spirit   .     (no helmet)
rElec  +         Reflect  .     o - +1 cloak
rCorr  +         Harm     .     (no gloves)
MR     .....                    (no boots)
Stlth  ..........               (no amulet)
                                (no ring)
                                (no ring)

@: resistant
A: talons 1, rugged brown scales 1, blurry vision 1, negative energy resistance
1, electricity resistance, unbreathing, petrification resistance, rot immunity,
AC +4
a: Renounce Religion


You were on level 4 of the Dungeon.
You worshipped Makhleb.
Makhleb was noncommittal.
You were not hungry.

You visited 1 branch of the dungeon, and saw 4 of its levels.

You collected 225 gold pieces.

Inventory:

Hand Weapons
 a - a +0 flail (weapon)
Armour
 b - a +0 scale mail (worn)
 c - a +0 shield (worn)
 o - a +1 cloak (worn)
Wands
 q - a wand of lightning (7/15)
Scrolls
 e - 2 scrolls of identify
 k - 3 scrolls of teleportation
 l - a scroll of remove curse
Potions
 d - a potion of might
 j - a potion of haste
 m - a potion of curing
 n - a potion of ambrosia
 p - a potion of brilliance
Comestibles
 f - 4 bread rations
 g - 4 chunks of flesh
 h - a slice of pizza
 i - 4 meat rations


   Skills:
 + Level 4.4 Fighting
 + Level 4.6 Maces & Flails
 + Level 4.4 Armour
 + Level 1.7 Dodging
 + Level 5.2 Shields


You had 6 spell levels left.
You didn't know any spells.

Dungeon Overview and Level Annotations

Branches:
Dungeon (4/15)
 Temple: D:4-7

Altars:
Cheibriados
Dithmenos
Makhleb
Qazlal

Shops:
D:4 [

Annotations:
D:4 Pikel


Innate Abilities, Weirdness & Mutations

You are resistant to torment.
Your stone body is resilient. (AC +4)
You are immune to poison.
You resist negative energy. (rN+)
You are resistant to electric shocks. (rElec)
You can survive without breathing.
You are immune to petrification.
You are immune to rotting.
You have sharp toenails.
You are partially covered in rugged brown scales. (AC +1, +3% HP)
Scrolls take you a little longer to read.


Message History

Pikel zaps a wand.
The bolt of lightning hits you! You resist.
The slave hits you but does no damage. The slave hits you.
* * * LOW HITPOINT WARNING * * *
You block the slave's attack. The slave hits you.
* * * LOW HITPOINT WARNING * * *
You feel better.
Pikel zaps a wand.
The bolt of lightning hits you! You resist.
* * * LOW HITPOINT WARNING * * *
The slave barely misses you. You block the slave's attack. x2
The slave barely misses you.
Really read with blurry vision while enemies are nearby? [Y]es or [N]o only, please.
Really read with blurry vision while enemies are nearby?
Pikel closely misses you. The slave barely misses you. x2
You block the slave's attack.
You begin reading the scroll.
You continue reading the scroll.
You block the slave's attack.
Pikel zaps a wand.
The bolt of lightning hits you! You resist.
* * * LOW HITPOINT WARNING * * *
The slave hits you but does no damage. The slave hits you.
You die...

..#
###.#.######.#########....###
..# #.#.###...............#.#
# ..#
#.#...)....###.#####..#.# #
..... #.########.# #.#
#..#.### .....##. #.# #.#
#..#.... ........ #.# #.#
##...... ...#....
#######.###'## #......
§..#...
......pp.....#########.. ..#
......K@................ ...
......pp.....#######.... ≈.#
.............+.......... ..#
.............#########.. ..
.............# #.. ..
.............# ######.. ..
.............# ##.......
.#####..............#
#..####.# .......# #########
#..##....


You could see Pikel and 4 slaves.

Vanquished Creatures
  A wyvern (D:3)
  A gnoll shaman (D:4)
  2 hounds
  Crazy Yiuf (D:3)
  Ijyb (D:3)
  Jessica (D:3)
  4 gnolls (D:4)
  5 adders
  An ooze (D:2)
  3 worms
  A dart slug (D:1)
  3 leopard geckos
  7 orcs
  16 giant cockroaches
  10 goblins
  3 hobgoblins
  7 jackals (D:1)
  A quokka (D:1)
  6 bats
  A frilled lizard (D:2)
  7 kobolds
  A quokka skeleton (D:4)
  9 rats
  A fungus (D:3)
93 creatures vanquished.

Notes
Turn   | Place    | Note
-------+----------+-------------------------------------------
     0 | D:1      | JeffiDaFish the Gargoyle Fighter began the quest for the Orb.
     0 | D:1      | Reached XP level 1. HP: 14/14 MP: 1/1
    63 | D:1      | Reached XP level 2. HP: 6/19 MP: 2/2
   638 | D:1      | Reached XP level 3. HP: 23/23 MP: 3/3
  1481 | D:2      | Reached XP level 4. HP: 28/29 MP: 4/4
  1486 | D:2      | Reached skill level 4 in Shields
  1853 | D:3      | Found a faded altar of an unknown god.
  1876 | D:3      | Noticed Ijyb
  1898 | D:3      | Killed Ijyb
  1910 | D:3      | Reached skill level 1 in Dodging
  1910 | D:3      | Reached XP level 5. HP: 15/33 MP: 5/5
  2101 | D:3      | Noticed a wyvern
  2116 | D:3      | Killed a wyvern
  2116 | D:3      | Reached XP level 6. HP: 10/38 MP: 6/6
  2575 | D:3      | Found a shadowy altar of Dithmenos.
  2580 | D:3      | Noticed Jessica
  2585 | D:3      | Killed Jessica
  2585 | D:3      | Reached skill level 5 in Shields
  2655 | D:3      | Gained mutation: Scrolls take you a little longer to read. [potion of mutation]
  2655 | D:3      | Gained mutation: You have sharp toenails. [potion of mutation]
  2655 | D:3      | Gained mutation: You are partially covered in rugged brown scales. (AC +1, +3% HP) [potion of mutation]
  2773 | D:3      | Found a burning altar of Makhleb.
  2783 | D:3      | Became a worshipper of Makhleb the Destroyer
  2837 | D:3      | Found a runed door.
  2841 | D:3      | Noticed Crazy Yiuf
  2852 | D:3      | Killed Crazy Yiuf
  3034 | D:4      | Found a stormy altar of Qazlal.
  3095 | D:4      | Found a snail-covered altar of Cheibriados.
  3096 | D:4      | Reached XP level 7. HP: 45/45 MP: 7/7
  3171 | D:4      | Found Sadwibb's Antique Armour Shoppe.
  3539 | D:4      | Noticed Pikel
  3552 | D:4      | HP: 1/45 [Pikel/wand of lightning (7)]
  3552 | D:4      | Slain by a slave

Skill      XL: |  1  2  3  4  5  6 |
---------------+-------------------+-----
Shields        | 4 5 |  5.2
Armour         | 4 |  4.4
Fighting       | 4 |  4.4
Maces & Flails | 3 4 |  4.6
Dodging        | 1 |  1.7

Action                   |  1- 3 |  4- 6 |  7- 9 || total
-------------------------+-------+-------+-------++-------
Melee: Flail             |   123 |   187 |    49 ||   359
       Kick              |       |     5 |     5 ||    10
  Use: Scroll            |     7 |     1 |     2 ||    10
       Potion            |     1 |     7 |     2 ||    10
  Eat: Chunk             |     2 |     6 |     1 ||     9
Armor: Scale mail        |    95 |   112 |    40 ||   247
Dodge: Dodged            |    49 |    57 |    21 ||   127
Block: Shield            |    96 |   106 |    45 ||   247
